 Dungeon Crawl Stone Soup version 0.20.0-8-g6b59dc7 (webtiles) character file.

259 inmateoo the Ruffian (level 6, -1/46 HPs)
             Began as a Barachi Hunter on June 2, 2017.
             Slain by an orc wizard
             ... wielding a +0 dagger
              (3 damage)
             ... on level 4 of the Dungeon.
             The game lasted 00:10:34 (5471 turns).

inmateoo the Ruffian (Barachi Hunter)               Turns: 5471, Time: 00:10:36

Health: -1/46      AC:  9    Str: 16    XL:     6   Next: 17%
Magic:  0/6        EV: 10    Int: 11    God:
Gold:   115        SH:  0    Dex: 12    Spells: 5/5 levels left

rFire    . . .     SeeInvis .     - Unarmed
rCold    . . .     Gourm    .   (no shield)
rNeg     + . .     Faith    .   r - +0 scale mail
rPois    .         Spirit   +   h - +0 helmet
rElec    .         Reflect  .   t - +0 cloak
rCorr    .         Harm     .   (no gloves)
MR       .....                  p - +0 pair of boots
Stlth    ..........             n - amulet of guardian spirit
Regen    0.2/turn               e - ring of positive energy
MPRegen  0.1/turn               (no ring)

@: hasted, quick
A: +LOS, swims, slowness 1, strong legs 1
a: Hop


You were on level 4 of the Dungeon.
You were not hungry.

You visited 1 branch of the dungeon, and saw 4 of its levels.

You collected 115 gold pieces.

Inventory:

Hand Weapons
 a - a +1 short sword
 b - a +0 blowgun
 k - a +0 dagger of venom
 q - a +2 mace of draining
Missiles
 c - 6 javelins
 d - a throwing net (quivered)
 o - 52 poisoned needles
Armour
 h - a +0 helmet (worn)
 p - a +0 pair of boots (worn)
 r - a +0 scale mail (worn)
 t - a +0 cloak (worn)
Jewellery
 e - a ring of positive energy (left hand)
 n - an amulet of guardian spirit (around neck)
Scrolls
 l - 4 scrolls of teleportation
Potions
 m - a potion of flight
 w - a potion of might {unknown}
Comestibles
 f - 3 bread rations
 g - 2 fruits
 i - 2 meat rations
 u - a royal jelly


   Skills:
 - Level 2.4 Fighting
 - Level 4.0 Short Blades
 - Level 4.0 Throwing
 - Level 2.1 Dodging
 - Level 0.8 Stealth
 * Level 4.8 Unarmed Combat


You had 5 spell levels left.
You didn't know any spells.

Dungeon Overview and Level Annotations

Branches:
Dungeon (4/15)
 Temple: D:4-7

Altars:
Fedhas
Hepliaklqana

Annotations:
D:2 1 runed door, Sigmund, Terence


Innate Abilities, Weirdness & Mutations

Shadows flee at your approach. (+LOS)
You can swim through water.
You cover ground slowly.
You can hop short distances.


Message History

Something hits you but does no damage.
The orc wizard hits you but does no damage.
Unknown command.
You hit the orc wizard.
The orc wizard is almost dead.
The orc wizard barely misses you. Something completely misses you.
Unknown command.
You feel better. The orc wizard hits you with a dagger.
* * * LOW HITPOINT WARNING * * *
Something hits you but does no damage. The orc wizard barely misses you.
You feel yourself speed up. The orc wizard barely misses you.
Something hits you.
* * * LOW HITPOINT WARNING * * *
You completely miss the orc wizard.
The orc wizard is almost dead.
The orc wizard casts a spell at you. The magic dart hits you!
* * * LOW HITPOINT WARNING * * *
Something hits you.
You die...

.......................# #.(###..
##....###...... #....###.###...
###...###......####...†..........
....#........#....#....#...###...
#.#......[............##.#.# #...
#.#.##..........#...#.#....# #...
#.#.##..#.#..##..##)#......# ##..
#........_.. ##{##........# ##.
.###....#.#. #@oh##..#...# . .#
......# ###.....#...# #
.###......# ###.......#
......#.### #...†..###...
......#.# #..#..### ......# # #..
..o# ######.. ... #..o# ## ###
#...# #....


You could see an orc wizard and a jackal.

Vanquished Creatures
  A bullfrog (D:3)
  An orc wizard (D:3)
  A worker ant (D:4)
  3 adders (D:3)
  2 oozes
  2 worms
  3 dart slugs (D:1)
  3 leopard geckos
  7 orcs
  5 giant cockroaches
  14 goblins
  2 hobgoblins (D:1)
  10 jackals
  7 bats
  5 frilled lizards
  14 kobolds
  4 rats
84 creatures vanquished.

Notes
Turn   | Place    | Note
-------+----------+-------------------------------------------
     0 | D:1      | inmateoo the Barachi Hunter began the quest for the Orb.
     0 | D:1      | Reached XP level 1. HP: 17/17 MP: 1/1
   200 | D:1      | Reached skill level 1 in Short Blades
   408 | D:1      | Reached XP level 2. HP: 23/23 MP: 2/2
   867 | D:1      | Reached XP level 3. HP: 14/28 MP: 3/3
  2238 | D:1      | Reached XP level 4. HP: 32/34 MP: 4/4
  2897 | D:2      | Noticed Terence
  2904 | D:2      | Found a hazy altar of Hepliaklqana.
  3065 | D:2      | Found a runed door.
  3157 | D:2      | Noticed Sigmund
  3365 | D:3      | Reached skill level 1 in Unarmed Combat
  4134 | D:3      | Reached XP level 5. HP: 29/39 MP: 3/5
  5082 | D:3      | Reached XP level 6. HP: 46/46 MP: 6/6
  5259 | D:4      | Found a blossoming altar of Fedhas.
  5471 | D:4      | HP: 2/46 [orc wizard/magic dart (8)]
  5471 | D:4      | Slain by an orc wizard

Skill      XL: |  1  2  3  4  5 |
---------------+----------------+-----
Short Blades   | 1 2 3 4 |  4.0
Unarmed Combat | 2 4 |  4.8
Fighting       | |  2.4
Throwing       | |  4.0
Dodging        | |  2.1
Stealth        | |  0.8

Action                   |  1- 3 |  4- 6 || total
-------------------------+-------+-------++-------
Melee: Unarmed           |   359 |   332 ||   691
       Short sword       |     9 |       ||     9
       Punch             |       |     4 ||     4
       Mace              |       |    12 ||    12
       Dagger            |       |     8 ||     8
Throw: Javelin           |     1 |     3 ||     4
       Throwing net      |       |     1 ||     1
 Abil: Hop               |       |     5 ||     5
  Use: Scroll            |     1 |     6 ||     7
       Potion            |       |     4 ||     4
 Stab: Sleeping          |     1 |       ||     1
       Held in net/web   |       |     2 ||     2
  Eat: Chunk             |     5 |     9 ||    14
       Fruit             |       |     3 ||     3
Armor: Leather armour    |   120 |     6 ||   126
       Ring mail         |       |    66 ||    66
       Scale mail        |       |    57 ||    57
Dodge: Dodged            |   262 |   169 ||   431
